 Dungeon Crawl Stone Soup version 0.21-a0-584-g185da8e (webtiles) character file.

70 Megalobster the Firebug (level 4, 23/24 HPs)
             Began as a Deep Elf Fire Elementalist on Dec 21, 2017.
             Quit the game on level 2 of the Dungeon.
             The game lasted 00:09:30 (1796 turns).

Megalobster the Firebug (DEFE)                      Turns: 1796, Time: 00:09:31

Health: 23/24      AC:  6    Str:  5    XL:     4   Next: 4%
Magic:  11/11      EV: 13    Int: 21    God:
Gold:   78         SH:  0    Dex: 15    Spells: 0/10 levels left

rFire    . . .     SeeInvis .   g - +1 dagger (drain)
rCold    . . .     Gourm    .   (no shield)
rNeg     + . .     Faith    .   a - +0 robe
rPois    .         Spirit   .   (no helmet)
rElec    .         Reflect  .   (no cloak)
rCorr    .         Harm     .   o - +0 pair of gloves
MR       .....                  (no boots)
Stlth    ++........             (no amulet)
HPRegen  0.08/turn              h - ring of positive energy
MPRegen  0.12/turn              p - +3 ring of protection

@: no status effects
A: no striking features
a: no special abilities


You were on level 2 of the Dungeon.
You were not hungry.

You visited 1 branch of the dungeon, and saw 2 of its levels.

You collected 78 gold pieces.

Inventory:

Hand Weapons
 e - a +0 dagger
 g - a +1 dagger of draining (weapon)
 n - a +0 hunting sling
Missiles
 j - 54 stones (quivered)
Armour
 a - a +0 robe (worn)
 o - a +0 pair of gloves (worn)
Jewellery
 h - a ring of positive energy (left hand)
 p - a +3 ring of protection (right hand)
Scrolls
 d - 2 scrolls of teleportation {unknown}
 i - 4 scrolls of remove curse {unknown}
 k - a scroll of fear {unknown}
 q - a scroll of identify {unknown}
Potions
 l - a potion of degeneration {unknown}
 m - 2 potions of lignification {unknown}
Books
 b - a book of Flames

   Spells                             Type                      Level
   a - Flame Tongue                   Conjuration/Fire             1
   b - Throw Flame                    Conjuration/Fire             2
   c - Conjure Flame                  Conjuration/Fire             3
   d - Inner Flame                    Hexes/Fire                   3
   e - Sticky Flame                   Conjuration/Fire             4
   f - Fireball                       Conjuration/Fire             5
Comestibles
 c - 7 rations
 f - 3 chunks of flesh


   Skills:
 + Level 3.1 Dodging
 - Level 2.4 Stealth
 + Level 3.7 Spellcasting
 * Level 2.8 Conjurations
 + Level 3.8 Fire Magic


You couldn't memorise any spells.
You knew the following spells:

 Your Spells              Type           Power        Failure   Level  Hunger
b - Conjure Flame         Conj/Fire      ###.....     10%         3    ###....
j - Sticky Flame          Conj/Fire      ###.....     30%         4    ####...
u - Throw Flame           Conj/Fire      ###...       4%          2    ##.....
z - Flame Tongue          Conj/Fire      ###..        3%          1    None


Dungeon Overview and Level Annotations

Branches:
Dungeon (2/15)

Altars:


Message History

Memorise Sticky Flame, consuming 4 spell levels and leaving 0?
You start memorising the spell.
You continue memorising. x4
You finish memorising.
Spell assigned to 'b'.
Adjust (i)tems, (s)pells, or (a)bilities?
Adjust which spell? a - Conjure Flame Adjust to which letter? h - Conjure Flame Adjust (i)tems, (s)pells, or (a)bilities?
Adjust which spell? b - Sticky Flame Adjust to which letter? h - Sticky Flame; b - Conjure Flame Adjust (i)tems, (s)pells, or (a)bilities?
Adjust which spell? h - Sticky Flame Adjust to which letter? j - Sticky Flame Autopickup is now off.
Are you sure you want to abandon this character and quit the game? (Confirm with "yes".)

#? ## )..... #..
.# ...##.
..####.######
####.
............
...............#
#####
...............#
#.


There were no monsters in sight!

Vanquished Creatures
  An adder (D:2)
  An ooze (D:2)
  3 dart slugs (D:1)
  3 leopard geckos
  6 bats
  3 giant cockroaches
  5 goblins (D:1)
  7 hobgoblins
  3 jackals (D:2)
  5 kobolds (D:2)
  A quokka (D:2)
  3 frilled lizards
  2 rats
43 creatures vanquished.

Notes
Turn   | Place    | Note
-------+----------+-------------------------------------------
     0 | D:1      | Megalobster the Deep Elf Fire Elementalist began the quest for the Orb.
     0 | D:1      | Reached XP level 1. HP: 10/10 MP: 6/6
   168 | D:1      | Reached XP level 2. HP: 15/15 MP: 8/8
   231 | D:1      | Learned a level 2 spell: Throw Flame
   756 | D:1      | Reached XP level 3. HP: 19/19 MP: 9/9
  1750 | D:2      | Reached XP level 4. HP: 24/24 MP: 8/11
  1755 | D:2      | Learned a level 3 spell: Conjure Flame
  1796 | D:2      | Learned a level 4 spell: Sticky Flame
  1796 | D:2      | Quit the game

Vault maps used:
D:1:      dpeg_arrival_more_subterranean_lakeside_camping
D:2:      first_ration

Skill      XL: |  1  2  3 |
---------------+----------+-----
Conjurations   | 2 |  2.8
Dodging        | 3 |  3.1
Stealth        | |  2.4
Spellcasting   | |  3.7
Fire Magic     | |  3.8

Action                   |  1- 3 |  4- 6 || total
-------------------------+-------+-------++-------
Melee: Dagger            |    24 |     1 ||    25
 Cast: Flame Tongue      |    37 |     3 ||    40
       Throw Flame       |    18 |       ||    18
 Stab: Sleeping          |     6 |       ||     6
  Eat: Chunk             |     3 |       ||     3
Armor: Robe              |     5 |       ||     5
Dodge: Dodged            |    22 |     1 ||    23

Table legend:
 A = Spawn XP
 B = Non-spawn XP
 C = Spawn XP percentage of total XP
 D = Spawn monster count
 E = Non-spawn monster count
 F = Spawn count percentage of total count
 G = Total turns spent on level
                    A         B        C        D         E        F      G
               +---------+---------+-------+---------+---------+-------+---------
         Total |       0 |     101 |   0.0 |       0 |      43 |   0.0 |  1796
               +---------+---------+-------+---------+---------+-------+---------
           D:1 |       0 |      47 |   0.0 |       0 |      22 |   0.0 |  1257
           D:2 |       0 |      54 |   0.0 |       0 |      21 |   0.0 |   539
               +---------+---------+-------+---------+---------+-------+---------
